[Event "V Sunway Sitges Open 2018"]
[Site "Sitges"]
[Date "2018.12.21"]
[Round "8"]
[White "Soumya, Swaminathan"]
[Black "Sarkar, Justin"]
[Result "1/2-1/2"]
[ECO "B35"]
[WhiteElo "2428"]
[BlackElo "2332"]
[Annotator "ChessBase"]
[PlyCount "83"]
[EventDate "2018.12.14"]
[EventType "swiss"]
[EventCountry "ESP"]
[SourceTitle "playchess.com"]
[Source "ChessBase"]
[SourceQuality "1"]
[TimeControl "40/5400+30:1800+30"]

1. e4 c5 2. Nf3 Nc6 3. Nc3 g6 4. d4 cxd4 5. Nxd4 Bg7 6. Be3 Nf6 7. Bc4 O-O 8. Bb3 d6 9. f3 Na5 10. Qd2 Nxb3 11. axb3 Bd7 12. g4 Qb8 13. h4 h5 14. gxh5 Nxh5 15. Ra5 e5 16. Ndb5 a6 17. Nxd6 b5 18. Bg5 f6 19. Qd5+ Kh7 20. Be3 Qc7 21. Ra1 Bc6 22. Qe6 Rad8 23. Rd1 Rd7 24. Rg1 Bh6 25. Bxh6 Kxh6 26. Ne2 Rg7 27. c4 Qb6 28. c5 Qxc5 29. Rc1 Qe3 30. Rc3 Nf4 31. Rxg6+ Rxg6 32. Nf5+ Kh5 33. Nxe3 Nxe6 34. Rxc6 Nd4 35. Nxd4 exd4 36. Nf5 Rg2 37. Rc7 Rxb2 38. Rh7+ Kg6 39. Rg7+ Kh5 40. Rh7+ Kg6 41. Rg7+ Kh5 42. Rh7+ 1/2-1/2

[Event "V Sunway Sitges Open 2018"]
[Site "Sitges"]
[Date "2018.12.21"]
[Round "8"]
[White "Raja, Rithvik R"]
[Black "Keymer, Vincent"]
[Result "1/2-1/2"]
[ECO "D35"]
[WhiteElo "2415"]
[BlackElo "2508"]
[Annotator "ChessBase"]
[PlyCount "49"]
[EventDate "2018.12.14"]
[EventType "swiss"]
[EventCountry "ESP"]
[SourceTitle "playchess.com"]
[Source "ChessBase"]
[SourceQuality "1"]
[TimeControl "40/5400+30:1800+30"]

1. d4 Nf6 2. c4 e6 3. Nc3 d5 4. cxd5 Nxd5 5. e4 Nxc3 6. bxc3 c5 7. Nf3 cxd4 8. cxd4 Bb4+ 9. Bd2 Bxd2+ 10. Qxd2 O-O 11. Bc4 Nd7 12. O-O b6 13. Rad1 Bb7 14. Rfe1 Rc8 15. Bb3 h6 16. h3 Re8 17. Qf4 Qc7 18. Qxc7 Rxc7 19. d5 exd5 20. exd5 Rcc8 21. Rxe8+ Rxe8 22. Ba4 Rd8 23. Bc6 Nc5 24. Nd4 Ba6 25. a4 1/2-1/2

[Event "V Sunway Sitges Open 2018"]
[Site "Sitges"]
[Date "2018.12.21"]
[Round "8"]
[White "Dhulipalla Bala Chandra Prasa"]
[Black "Romanishin, Oleg M"]
[Result "1/2-1/2"]
[ECO "A40"]
[WhiteElo "2328"]
[BlackElo "2451"]
[Annotator "ChessBase"]
[PlyCount "32"]
[EventDate "2018.12.14"]
[EventType "swiss"]
[EventCountry "ESP"]
[SourceTitle "playchess.com"]
[Source "ChessBase"]
[SourceQuality "1"]
[TimeControl "40/5400+30:1800+30"]

1. d4 Nf6 2. c4 e6 3. g3 Bb4+ 4. Bd2 c5 5. Bxb4 cxb4 6. Bg2 Qc7 7. Nd2 O-O 8. Ngf3 b6 9. O-O Bb7 10. Rc1 d6 11. Qb3 a5 12. Rfd1 Nbd7 13. a3 bxa3 14. Qxa3 Ne4 15. Nxe4 Bxe4 16. Nd2 Bb7 1/2-1/2

[Event "V Sunway Sitges Open 2018"]
[Site "Sitges"]
[Date "2018.12.21"]
[Round "8"]
[White "Tastambekov, Timur"]
[Black "Gjestemoen-VonHirsch, Andre"]
[Result "1-0"]
[ECO "A57"]
[WhiteElo "2146"]
[BlackElo "1993"]
[Annotator "NA"]
[PlyCount "77"]
[EventDate "2018.12.14"]
[EventType "swiss"]
[EventCountry "ESP"]
[SourceTitle "playchess.com"]
[Source "ChessBase"]
[SourceQuality "1"]
[TimeControl "40/5400+30:1800+30"]

1. d4 Nf6 2. c4 c5 3. d5 b5 4. cxb5 a6 5. f3 g6 6. e4 Bg7 7. e5 Ng8 8. f4 d6 9. Nf3 Nh6 10. Bc4 Nd7 11. Nc3 Nb6 12. Be2 O-O 13. O-O axb5 14. Bxb5 Bb7 15. e6 fxe6 16. dxe6 Nf5 17. Re1 Nd4 18. Nxd4 Bxd4+ 19. Kh1 Ra5 20. Bd3 Qa8 21. Qg4 c4 22. Bc2 Nd5 23. Nxd5 Bxd5 24. f5 Bg7 25. Bg5 gxf5 26. Qg3 Kh8 27. Bxe7 Rg8 28. Bg5 Bxb2 29. Rab1 f4 30. Qh3 Bxg2+ 31. Qxg2 f3 32. Qf2 Raxg5 33. Rxb2 Rg2 34. Qd4+ R8g7 35. Be4 Qf8 36. Rxg2 fxg2+ 37. Bxg2 Qe7 38. Rb1 Qa7 39. Bf1 1-0

[Event "V Sunway Sitges Open 2018"]
[Site "Sitges"]
[Date "2018.12.21"]
[Round "8"]
[White "Ruiz Gonzalez, Jorge"]
[Black "Arias Castanedo, Jacinto"]
[Result "1-0"]
[ECO "B12"]
[WhiteElo "2083"]
[BlackElo "1811"]
[Annotator "NA"]
[PlyCount "65"]
[EventDate "2018.12.14"]
[EventType "swiss"]
[EventCountry "ESP"]
[SourceTitle "playchess.com"]
[Source "ChessBase"]
[SourceQuality "1"]
[TimeControl "40/5400+30:1800+30"]

1. e4 c6 2. d4 d5 3. e5 Bf5 4. g4 Bd7 5. Nc3 e6 6. Be3 a6 7. a3 Qc7 8. Qd2 c5 9. dxc5 Qxe5 10. O-O-O Qc7 11. Re1 Ne7 12. Bg2 Bc6 13. Bf4 Qa5 14. Qd4 Nd7 15. Bd6 O-O-O 16. a4 Re8 17. b4 Qd8 18. b5 Nb8 19. Qf4 Ng6 20. Qb4 a5 21. Qb3 Bxd6 22. cxd6 Bd7 23. Nh3 h5 24. g5 Nh4 25. Bxd5 exd5 26. Nxd5 Nc6 27. bxc6 Bxc6 28. Ne7+ Kd7 29. Nxc6 Qa8 30. Ne5+ Rxe5 31. Rxe5 Ng6 32. Qxf7+ Kxd6 33. Qe6+ {[%emt 0:00:09] Kd5} 1-0

[Event "V Sunway Sitges Open 2018"]
[Site "Sitges"]
[Date "2018.12.21"]
[Round "8"]
[White "Wlogalski, Olivier"]
[Black "Walter Travella, German"]
[Result "0-1"]
[ECO "A01"]
[WhiteElo "1872"]
[BlackElo "1917"]
[Annotator "NA"]
[PlyCount "136"]
[EventDate "2018.12.14"]
[EventType "swiss"]
[EventCountry "ESP"]
[SourceTitle "playchess.com"]
[Source "ChessBase"]
[SourceQuality "1"]
[TimeControl "40/5400+30:1800+30"]

1. b3 e5 2. Bb2 Nc6 3. e3 Nf6 4. Bb5 Bd6 5. Na3 a6 {[%emt 0:00:26] A01: Nimzowitsch-Larsen Opening} (5... e4 6. Nc4 Be7 7. Bxc6 bxc6 8. Ne2 a5 9. O-O a4 10. d3 exd3 11. cxd3 axb3 12. axb3 Rxa1 13. Qxa1 {1-0 (27) Karjakin,S (2782)-Giri,A (2782) Leuven 2018}) 6. Bxc6 dxc6 7. Nc4 Qe7 8. Ne2 b5 9. Nxd6+ cxd6 10. d3 O-O 11. O-O Re8 12. Qd2 d5 $146 ({Predecessor:} 12... a5 13. e4 {½-½ (23) Punzon Moraleda,J (2385)-Morales Pecino,B (2358) ICCF email 2006}) 13. a4 b4 14. Ng3 h5 15. e4 h4 16. Nf5 Bxf5 17. exf5 Nh7 18. Rae1 f6 19. Qe2 e4 20. d4 h3 21. Bc1 hxg2 22. Kxg2 Qa7 23. Rd1 Qf7 24. Qg4 Kf8 25. Qh4 g6 26. Bh6+ Ke7 27. fxg6 Qxg6+ 28. Kh1 Ng5 29. Bxg5 fxg5 30. Qg3 Kd7 31. Rg1 Rf8 32. Rdf1 Rf5 33. Qg4 Kc7 34. c3 bxc3 35. Qg3+ Kd7 36. Qxc3 Rh8 37. Qb4 g4 38. Qb7+ Kd6 39. Rg3 Qh6 40. h3 Rh5 41. Qb4+ Ke6 42. Kg2 Rxh3 43. Rg1 Rh1 44. Kf1 Qc1+ 45. Qe1 Rxg1+ 46. Rxg1 Qxe1+ 47. Kxe1 Kf5 48. Ke2 Rh2 49. Rg3 Rh3 50. b4 Kf4 51. Rg1 Rc3 52. Rb1 e3 53. Rb2 Ke4 54. b5 axb5 55. axb5 cxb5 56. fxe3 Rxe3+ 57. Kf2 g3+ 58. Kg2 Kxd4 59. Rxb5 Ke4 60. Rb8 d4 61. Re8+ Kd3 62. Ra8 Kc2 63. Rc8+ Kd1 64. Kf1 d3 65. Rc7 Re2 66. Rd7 d2 67. Rd8 Re1+ 68. Kg2 Kc2 0-1

[Event "V Sunway Sitges Open 2018"]
[Site "Sitges"]
[Date "2018.12.21"]
[Round "8"]
[White "Minko, Olga"]
[Black "Prats Rodriguez, Juan Bosco"]
[Result "1-0"]
[ECO "B09"]
[WhiteElo "1737"]
[BlackElo "2018"]
[Annotator "NA"]
[PlyCount "67"]
[EventDate "2018.12.14"]
[EventType "swiss"]
[EventCountry "ESP"]
[SourceTitle "playchess.com"]
[Source "ChessBase"]
[SourceQuality "1"]
[TimeControl "40/5400+30:1800+30"]

1. e4 d6 2. d4 Nf6 3. Nc3 g6 4. f4 Bg7 5. Nf3 O-O 6. Bd3 Nc6 7. e5 dxe5 8. dxe5 Nd5 9. O-O Nxc3 10. bxc3 Qd5 11. Be3 Bg4 12. h3 Bxf3 13. Rxf3 f6 14. Qe2 Qa5 15. Raf1 Kh8 16. Rg3 f5 17. h4 Nxe5 18. fxe5 Bxe5 19. Bd4 Bxd4+ 20. cxd4 e5 21. h5 Rg8 22. hxg6 e4 23. Qh5 Rg7 24. Bxe4 Qb6 25. Qxf5 Qxd4+ 26. Kh1 Re8 27. Qf8+ Rg8 28. g7+ Qxg7 29. Rxg7 Rgxf8 30. Rxf8+ Rxf8 31. Rxh7+ Kg8 32. Rxc7 Rf1+ 33. Kh2 Rb1 34. Bxb7 1-0

[Event "V Sunway Sitges Open 2018"]
[Site "Sitges"]
[Date "2018.12.21"]
[Round "8"]
[White "Henderson Franklin, Matthew"]
[Black "Chatton, Jean-Bernard"]
[Result "1/2-1/2"]
[ECO "B90"]
[WhiteElo "1584"]
[BlackElo "1643"]
[Annotator "NA"]
[PlyCount "53"]
[EventDate "2018.12.14"]
[EventType "swiss"]
[EventCountry "ESP"]
[SourceTitle "playchess.com"]
[Source "ChessBase"]
[SourceQuality "1"]
[TimeControl "40/5400+30:1800+30"]

1. e4 c5 2. Nf3 d6 3. d4 cxd4 4. Nxd4 Nf6 5. Nc3 a6 6. Be3 e5 7. Nb3 Be7 8. f3 Be6 9. Qd2 O-O 10. g4 h6 11. O-O-O Nbd7 12. h4 Nh7 13. g5 h5 14. Be2 g6 15. Nd5 Bxd5 16. Qxd5 Qc7 17. f4 Rac8 18. Rd2 exf4 19. Bxf4 Ne5 20. Rhd1 Rfd8 21. Kb1 Nf8 22. Nd4 b5 23. Nf3 Nxf3 24. Bxf3 Ne6 25. Be3 a5 26. Bxh5 gxh5 27. g6 1/2-1/2

[Event "V Sunway Sitges Open 2018"]
[Site "Sitges"]
[Date "2018.12.21"]
[Round "8"]
[White "Vidal Moll, Francesc"]
[Black "Barguer, Alexey"]
[Result "1/2-1/2"]
[ECO "A45"]
[WhiteElo "1526"]
[BlackElo "1435"]
[Annotator "NA"]
[PlyCount "61"]
[EventDate "2018.12.14"]
[EventType "swiss"]
[EventCountry "ESP"]
[SourceTitle "playchess.com"]
[Source "ChessBase"]
[SourceQuality "1"]
[TimeControl "40/5400+30:1800+30"]

1. d4 Nf6 2. e3 g6 3. Bd3 Bg7 4. f4 O-O 5. Nf3 d5 6. O-O c5 7. c3 Qc7 8. Ne5 Nbd7 9. Nd2 cxd4 10. exd4 Qb6 11. Qf3 Nxe5 12. fxe5 Ng4 13. Kh1 Qd8 14. h3 Nh6 15. Qf4 f6 16. exf6 Rxf6 17. Qe3 Rxf1+ 18. Nxf1 Qd6 19. Ng3 Bd7 20. Bd2 Rf8 21. Re1 Nf5 22. Nxf5 Bxf5 23. Bxf5 Rxf5 24. Qe6+ Qxe6 25. Rxe6 Kf7 26. Re1 e5 27. dxe5 Bxe5 28. Kg1 Bd6 29. Re2 Bc5+ 30. Be3 Bxe3+ 31. Rxe3 1/2-1/2

[Event "V Sunway Sitges Open 2018"]
[Site "Sitges"]
[Date "2018.12.21"]
[Round "8"]
[White "Tastambekov, Arsen"]
[Black "Jenny, Gerald"]
[Result "1/2-1/2"]
[ECO "B42"]
[WhiteElo "1271"]
[BlackElo "1807"]
[Annotator "NA"]
[PlyCount "80"]
[EventDate "2018.12.14"]
[EventType "swiss"]
[EventCountry "ESP"]
[SourceTitle "playchess.com"]
[Source "ChessBase"]
[SourceQuality "1"]
[TimeControl "40/5400+30:1800+30"]

1. e4 c5 2. Nf3 e6 3. d4 cxd4 4. Nxd4 a6 5. Bd3 Nc6 6. Nb3 Nf6 7. Be3 d5 8. N1d2 Bd6 9. O-O e5 10. Bg5 d4 11. a3 h6 12. Bh4 Qe7 13. Rc1 g5 14. Bg3 Bg4 15. f3 Be6 16. Bc4 Rd8 17. Bxe6 Qxe6 18. Qe2 Nh5 19. Nc4 Ke7 20. Nxd6 Qxd6 21. Rfd1 Ng7 22. Rd3 Ne6 23. Rcd1 Qc7 24. c3 dxc3 25. Rxc3 Rxd1+ 26. Qxd1 Rd8 27. Qc2 Qd6 28. h3 f6 29. Bf2 Qd1+ 30. Kh2 Qf1 31. Bc5+ Kf7 32. Nd2 Qe1 33. Be3 h5 34. Rd3 h4 35. Rxd8 Ncxd8 36. Qc3 Nc6 37. Qb3 Qg3+ 38. Kh1 Qe1+ 39. Kh2 Qg3+ 40. Kh1 Qe1+ 1/2-1/2

[Event "V Sunway Sitges Open 2018"]
[Site "Sitges"]
[Date "2018.12.22"]
[Round "9"]
[White "Walter Travella, German"]
[Black "Cemborain Oricain, Alfonso"]
[Result "1/2-1/2"]
[ECO "C47"]
[WhiteElo "1917"]
[BlackElo "1921"]
[Annotator "NA RC"]
[PlyCount "38"]
[EventDate "2018.12.14"]
[EventType "swiss"]
[EventCountry "ESP"]
[SourceTitle "playchess.com"]
[Source "ChessBase"]
[SourceQuality "1"]
[TimeControl "40/5400+30:1800+30"]

1. e4 Nf6 2. Nc3 e5 3. Nf3 Nc6 4. g3 Bc5 5. Bg2 d6 6. O-O O-O 7. d3 a6 8. h3 h6 9. Kh2 Nh7 10. Nh4 Nd4 11. Be3 ({White should play} 11. Nd5 $14) 11... Be6 12. Ne2 Nxe2 13. Qxe2 Bxe3 14. Qxe3 Qe7 15. Qe1 $11 g5 16. Nf5 Qf6 17. g4 Rfe8 18. Qc3 Rac8 19. a4 Nf8 1/2-1/2

[Event "V Sunway Sitges Open 2018"]
[Site "Sitges"]
[Date "2018.12.22"]
[Round "9"]
[White "Palacios Pena, Gerardo"]
[Black "Varsha Ramesh"]
[Result "1/2-1/2"]
[ECO "A46"]
[WhiteElo "1810"]
[BlackElo "1541"]
[Annotator "NA RC"]
[PlyCount "149"]
[EventDate "2018.12.14"]
[EventType "swiss"]
[EventCountry "ESP"]
[SourceTitle "playchess.com"]
[Source "ChessBase"]
[SourceQuality "1"]
[TimeControl "40/5400+30:1800+30"]

1. d4 Nf6 2. Nf3 e6 3. Bf4 d5 4. e3 Be7 5. h3 b6 {[%emt 0:01:57] D02: 1 d4 d5 2 Nf3 sidelines, including 2...Nf6 3 g3 and 2...Nf6 3 Bf4} (5... O-O 6. Nbd2 c5 7. c3 b6 8. Bd3 Ba6 9. Bxa6 Nxa6 10. O-O Nb8 11. Qe2 Nc6 12. Rad1 cxd4 13. exd4 Nd7 14. Rfe1 Re8 15. Bg3 a6 16. a4 {1-0 (39) Alekseenko,K (2561)-Eliseev,U (2602) Loo 2016}) 6. Bb5+ c6 7. Bd3 Bb7 $146 ({Predecessor:} 7... O-O 8. O-O Ba6 9. Ne5 Bxd3 10. cxd3 Nfd7 11. Nd2 Nxe5 12. Bxe5 Nd7 13. Bg3 {½-½ (42) Palacios Pena,G (1975)-Teran Pereda,L (1930) Benidorm 2007}) 8. O-O O-O 9. c4 c5 10. Nc3 Nc6 11. cxd5 exd5 12. Rc1 Qd7 13. Ne5 Qe6 14. Nxc6 Bxc6 15. Qc2 Qd7 16. Be5 h6 17. Rfd1 c4 18. Be2 b5 19. Bf3 Rfd8 20. Ne2 Qb7 21. Ng3 Nd7 22. Nf5 Nxe5 23. dxe5 Bf8 24. Nd4 Rd7 25. e6 fxe6 26. Nxe6 Rd6 27. Nd4 Rad8 28. b3 Qa6 29. bxc4 bxc4 30. Nxc6 Qxc6 31. Rd4 Be7 32. Qf5 Bf6 {[%emt 0:09:44] [#]} (32... c3 $11 {remains equal.}) 33. Rdxc4 $3 {[%emt 0:06:54] Pin} Qxc4 34. Rxc4 dxc4 35. Be4 c3 36. Qh7+ Kf8 37. Bc2 Rb6 38. Bb3 (38. Qe4 $16) 38... Rxb3 39. axb3 Kf7 $2 {[%emt 0:00:57] [#]} ({Black should try} 39... Rd2 $11 40. Qe4 Kg8 41. Qc4+ Kh7) 40. Qf5 $2 ({Only move:} 40. Kf1 $1 $16) 40... Rd2 41. Kh2 c2 42. Qc5 Rxf2 43. Kg3 Rd2 44. Qxa7+ Kg6 45. Qc5 Bb2 46. Qc6+ $1 Kf7 (46... Kh7 $5 47. Qe4+ $8 Kh8 48. Qe8+ Kh7 49. Qe4+ Kh8 50. Qe8+ Kh7 51. Qe4+ $11) 47. Qc4+ Ke8 48. Qc8+ Ke7 49. Qc7+ Ke6 50. Qc6+ Ke5 51. Qc7+ Ke4 52. Qf4+ Kd5 53. e4+ $2 {[%emt 0:00:27] [#]} (53. Qc4+ $11 Kd6 54. Qb4+ Ke5 55. Qc5+ Ke4 56. Qc6+ Kd3 57. Qc4+ Kxe3 58. Qe6+ Kd4 59. Qg4+ Kc5 60. Qc8+ Kb6 61. Qb8+ Kc6 62. Qc8+ Kd6 63. Qf8+ Kd7 64. Qf5+ Ke8 65. Qc8+ Ke7 66. Qc7+ Kf6 67. Qf4+ Kg6 68. Qe4+ Kg5 69. Qg4+ Kf6 70. Qf4+ Kg6 71. Qe4+ Kf7 72. Qc4+ Kg6 73. Qe4+) 53... Kc6 $2 (53... Ke6 $1 $19 54. Qxd2 c1=Q 55. Qxc1 Bxc1) 54. Qxd2 c1=Q $11 55. Qd5+ Kb6 56. Qd6+ Qc6 57. Qxc6+ Kxc6 58. Kf4 Kd6 59. Kf5 Bc3 60. h4 Bf6 61. g3 Be5 62. g4 Bg3 63. Kg6 Bxh4 64. Kxg7 Bg5 65. b4 Ke5 66. b5 Kxe4 67. Kg6 Kf4 68. Kh5 Ke4 69. b6 Bf4 70. Kh4 Kd5 71. b7 Kc6 72. Kh3 Kxb7 73. Kg2 Kc6 74. Kf3 Bg5 75. Ke4 1/2-1/2

[Event "V Sunway Sitges Open 2018"]
[Site "Sitges"]
[Date "2018.12.22"]
[Round "9"]
[White "Perez Bolanos, David"]
[Black "Rocher Gonzalez, Vicenc"]
[Result "1-0"]
[ECO "D10"]
[WhiteElo "1747"]
[BlackElo "1798"]
[Annotator "NA RC"]
[PlyCount "99"]
[EventDate "2018.12.14"]
[EventType "swiss"]
[EventCountry "ESP"]
[SourceTitle "playchess.com"]
[Source "ChessBase"]
[SourceQuality "1"]
[TimeControl "40/5400+30:1800+30"]

1. d4 d5 2. c4 c6 3. Nc3 Nf6 4. e3 a6 5. Nf3 Bg4 6. h3 Bh5 7. g4 Bg6 8. Ne5 e6 9. h4 h5 10. Nxg6 fxg6 11. g5 Ne4 12. Nxe4 dxe4 13. Bg2 Bb4+ 14. Bd2 Qa5 15. Bxe4 O-O 16. Bxg6 Bxd2+ 17. Qxd2 Qxd2+ 18. Kxd2 Rxf2+ 19. Kc3 Nd7 20. Raf1 Raf8 21. Rxf2 Rxf2 22. Bxh5 e5 23. Rh3 c5 24. d5 b5 25. Rf3 b4+ 26. Kb3 Rxf3 27. Bxf3 Nb6 28. Be2 Kf7 29. Kc2 Kg6 30. e4 Nc8 31. Bf3 Nd6 32. Kd3 a5 33. b3 Nf7 34. Ke3 Nd6 35. Kf2 a4 36. Kg3 a3 37. Kg4 Nxc4 38. h5+ Kf7 39. Kf5 Ne3+ 40. Kxe5 c4 41. h6 g6 42. h7 Kg7 43. d6 cxb3 44. d7 bxa2 45. h8=Q+ Kxh8 46. d8=Q+ Kh7 47. Qe7+ Kh8 48. Qf8+ Kh7 49. Qf7+ Kh8 50. Qxa2 1-0

[Event "V Sunway Sitges Open 2018"]
[Site "Sitges"]
[Date "2018.12.22"]
[Round "9"]
[White "Minko, Uliana"]
[Black "Vidal Moll, Francesc"]
[Result "0-1"]
[ECO "A13"]
[WhiteElo "1303"]
[BlackElo "1526"]
[Annotator "NA RC"]
[PlyCount "116"]
[EventDate "2018.12.14"]
[EventType "swiss"]
[EventCountry "ESP"]
[SourceTitle "playchess.com"]
[Source "ChessBase"]
[SourceQuality "1"]
[TimeControl "40/5400+30:1800+30"]

1. c4 e6 2. g3 f5 3. Bg2 Nf6 4. Nc3 c6 5. Nf3 d5 6. b3 Bd6 7. d4 Nbd7 8. c5 Bc7 9. b4 e5 10. e3 e4 11. Nh4 Nb8 12. Bh3 g6 13. O-O Qe7 14. Ng2 Nbd7 15. f4 Nf8 16. Ne1 Bd7 17. a4 Ne6 18. Nc2 Kf7 19. Rb1 g5 20. b5 gxf4 21. exf4 Rag8 22. Rf2 Ng4 23. Bxg4 Rxg4 24. Ne3 Rg6 25. Nxf5 Qf6 26. Qh5 Nxd4 27. Nxd4 Qxd4 28. Bb2 Bg4 29. Qh4 Bd8 30. Ne2 Qxc5 31. Bxh8 Bxh4 32. Bd4 Qd6 33. Be5 Qd7 34. bxc6 bxc6 35. Nd4 Be7 36. Kf1 Rg8 37. Rfb2 Rd8 38. Rb7 Qe8 39. f5 Rd7 40. Rb8 Bd8 41. Nxc6 Bxf5 42. Bf4 Kg7 43. Ne5 Re7 44. R8b7 Bb6 45. Rxe7+ Qxe7 46. Rb5 Be6 47. a5 Bd8 48. Be3 Kf6 49. Bd4 Kg5 50. h4+ Kh5 51. a6 Qf8+ 52. Ke2 Qa3 53. Rb7 Bg4+ 54. Kf2 Qa2+ 55. Bb2 Bb6+ 56. Ke1 Qb1+ 57. Kd2 Qxb2+ 58. Ke1 Qe2# 0-1

[Event "V Sunway Sitges Open 2018"]
[Site "Sitges"]
[Date "2018.12.22"]
[Round "9"]
[White "Bolat, Inayat"]
[Black "May Freixa, Josep"]
[Result "1-0"]
[ECO "B28"]
[WhiteElo "1262"]
[BlackElo "1749"]
[Annotator "NA RC"]
[PlyCount "39"]
[EventDate "2018.12.14"]
[EventType "swiss"]
[EventCountry "ESP"]
[SourceTitle "playchess.com"]
[Source "ChessBase"]
[SourceQuality "1"]
[TimeControl "40/5400+30:1800+30"]

1. e4 c5 2. Nf3 a6 3. c3 Nf6 4. e5 Nd5 5. d4 cxd4 6. cxd4 e6 7. Nc3 Nxc3 8. bxc3 d5 9. Bd3 Be7 10. O-O b5 11. a4 bxa4 12. Qxa4+ Bd7 13. Qc2 h6 14. c4 dxc4 15. Bxc4 a5 16. d5 exd5 17. Bxd5 Ra6 18. Bb2 O-O 19. Bc4 Qc7 20. Bxf7+ {[%emt 0:02:04] Qc8 Bc4+} 1-0

[Event "V Sunway Sitges Open 2018"]
[Site "Sitges"]
[Date "2018.12.23"]
[Round "10"]
[White "Santos Ruiz, Miguel"]
[Black "Petrosyan, Manuel"]
[Result "1-0"]
[ECO "E32"]
[WhiteElo "2523"]
[BlackElo "2565"]
[Annotator "RC"]
[PlyCount "87"]
[EventDate "2018.12.14"]
[EventType "swiss"]
[EventCountry "ESP"]
[SourceTitle "playchess.com"]
[Source "ChessBase"]
[SourceQuality "1"]
[TimeControl "40/5400+30:1800+30"]

1. d4 Nf6 2. c4 e6 3. Nc3 Bb4 4. Qc2 d6 5. e3 O-O 6. Bd3 c5 7. dxc5 Bxc5 8. Nf3 Nc6 9. a3 a6 10. O-O h6 11. Rd1 Qe7 12. b3 Bd7 13. Bb2 Rfd8 14. Rd2 Rac8 15. Rad1 Ba7 16. Be2 Bb8 17. Qb1 Bc7 18. h3 Rb8 19. a4 Ne8 20. Ba3 Na7 21. Nd4 Nc8 22. Bf3 Bb6 23. b4 Qh4 24. c5 Bc7 25. b5 Ba5 26. Bb4 Bxb4 27. Qxb4 axb5 28. axb5 d5 29. e4 dxe4 30. Bxe4 Nf6 31. Nxe6 Nxe4 32. Nxd8 Bf5 33. Nxe4 Qxe4 34. Qxe4 Bxe4 35. Re2 Bg6 36. Re8+ Kh7 37. Nxb7 Rxb7 38. Rxc8 Rxb5 39. Rc1 Bf5 40. Rc7 Kg6 41. c6 Rb8 42. Rb7 Re8 43. c7 Kf6 44. Rb8 1-0

[Event "V Sunway Sitges Open 2018"]
[Site "Sitges"]
[Date "2018.12.23"]
[Round "10"]
[White "Raja Rithvik R"]
[Black "Ortega Ruiz, Jose Miguel"]
[Result "1/2-1/2"]
[ECO "A40"]
[WhiteElo "2415"]
[BlackElo "2298"]
[Annotator "ChessBase"]
[PlyCount "58"]
[EventDate "2018.12.14"]
[EventType "swiss"]
[EventCountry "ESP"]
[SourceTitle "playchess.com"]
[Source "ChessBase"]
[SourceQuality "1"]
[TimeControl "40/5400+30:1800+30"]

1. d4 Nf6 2. c4 e6 3. g3 Bb4+ 4. Bd2 Bxd2+ 5. Nxd2 Nc6 6. Ngf3 d6 7. Bg2 O-O 8. O-O e5 9. d5 Nb8 10. e4 a5 11. Ne1 Na6 12. Nd3 Bd7 13. b3 c6 14. dxc6 Bxc6 15. Re1 Qb6 16. Nb1 Qd4 17. Na3 Nc5 18. Nxc5 Qxc5 19. Nc2 a4 20. Qd3 b5 21. cxb5 Bxb5 22. Qd2 axb3 23. axb3 Rxa1 24. Rxa1 Rc8 25. Ne3 g6 26. h3 Qc3 27. Rd1 Qxd2 28. Rxd2 Rc1+ 29. Kh2 Rc6 1/2-1/2

[Event "V Sunway Sitges Open 2018"]
[Site "Sitges"]
[Date "2018.12.23"]
[Round "10"]
[White "Sanchez Lopez, Juan Manuel"]
[Black "Lopez Capape, Armando"]
[Result "1-0"]
[ECO "A10"]
[WhiteElo "2065"]
[BlackElo "1827"]
[Annotator "NA RC"]
[PlyCount "81"]
[EventDate "2018.12.14"]
[EventType "swiss"]
[EventCountry "ESP"]
[SourceTitle "playchess.com"]
[Source "ChessBase"]
[SourceQuality "1"]
[TimeControl "40/5400+30:1800+30"]

1. c4 b6 2. Nc3 e6 3. e4 Bb7 4. g3 f5 5. Bg2 {[%emt 0:01:52] A10: English Opening: Unusual Replies for Black} Nf6 6. d3 Bb4 {[%emt 0:10:08] LiveBook: 17 Games} (6... fxe4 7. Nge2 Bc5 8. O-O O-O 9. Bg5 Nc6 10. d4 Be7 11. Bxf6 Bxf6 12. Nxe4 Kh8 {½-½ (39) Admiraal,M (2491)-David,A (2549) Belgium 2018}) 7. Nge2 O-O 8. O-O Na6 9. a3 Bxc3 10. Nxc3 d6 $146 ({Predecessor:} 10... fxe4 11. dxe4 Nc5 12. e5 Bxg2 13. Kxg2 {½-½ (30) Wolfram,B (2259)-Lipka,J (2419) Austria 2014}) 11. b4 Qd7 12. f4 c5 13. Rb1 Nc7 14. Re1 g6 15. d4 cxb4 16. axb4 d5 17. cxd5 exd5 18. e5 Ne4 19. Nxe4 dxe4 20. b5 {[%emt 0:00:57] [#]} Bd5 ({Black should play} 20... Nd5 $1 $17) 21. Bf1 Rfc8 22. Ba3 Ne6 23. Qd2 Qb7 24. Rbc1 Kf7 25. Qb4 Qd7 26. Kf2 g5 27. fxg5 Nxg5 28. Qd2 Nf3 29. Qh6 Kg8 {[%emt 0:00:40] [#]} 30. Red1 $15 (30. Rxc8+ $1 $16 Rxc8 31. Rc1) 30... Qe6 31. Qxe6+ Bxe6 32. Rc6 Rxc6 33. bxc6 Bd5 34. c7 Rc8 35. Bd6 Bb7 36. Bh3 e3+ 37. Kxe3 Re8 38. Bxf5 Ng5 39. Rc1 Bc8 40. Bxc8 Rxc8 41. h4 1-0

[Event "V Sunway Sitges Open 2018"]
[Site "Sitges"]
[Date "2018.12.23"]
[Round "10"]
[White "Munoz Suarez, Luis Alberto"]
[Black "Skagseth, Havard M"]
[Result "1/2-1/2"]
[ECO "B74"]
[WhiteElo "1937"]
[BlackElo "2002"]
[Annotator "NA RC"]
[PlyCount "86"]
[EventDate "2018.12.14"]
[EventType "swiss"]
[EventCountry "ESP"]
[SourceTitle "playchess.com"]
[Source "ChessBase"]
[SourceQuality "1"]
[TimeControl "40/5400+30:1800+30"]

1. e4 c5 2. Nf3 d6 3. d4 Nf6 4. Nc3 cxd4 {[%emt 0:00:05] LiveBook: 6237 Games} 5. Nxd4 g6 6. Be2 Bg7 7. O-O Nc6 8. Nb3 O-O 9. Be3 Be6 10. f4 a6 11. g4 {[%emt 0:16:22] B74: Sicilian Dragon: Classical System with 9 Nb3} (11. Kh1 b5 12. Bf3 Rc8 13. Nd5 Bxd5 14. exd5 Na5 15. Qe2 Nc4 16. Bd4 Qd7 17. Rae1 Rfe8 18. Qd1 e5 19. dxe6 fxe6 {1-0 (38) Harikrishna,P (2740)-Mamedov,N (2597) Kocaeli 2015}) 11... b5 12. Nd4 $146 ({Predecessor:} 12. g5 Nd7 13. Rf2 Rc8 14. h4 Nb6 15. h5 Nc4 16. Bxc4 Bxc4 17. Qg4 f5 18. Qh4 gxh5 19. exf5 {0-1 (28) Neretljak,N (2083)-Blomqvist,E (2554) Vaxjo 2017}) 12... Nxd4 13. Bxd4 Rc8 14. Nd5 Bxd5 15. exd5 Nd7 16. Bxg7 Kxg7 17. c3 Qb6+ 18. Kh1 Qc5 19. Qd2 Nb6 20. Rad1 Rc7 21. Rf3 Nc4 22. Bxc4 bxc4 23. f5 f6 $1 24. g5 Qb5 $18 (24... fxg5 $14 25. Qxg5 e5) 25. Rh3 Qe8 26. Rg1 Kg8 27. fxg6 hxg6 28. Qd4 Qf7 29. Rg4 Rc5 30. gxf6 Qxf6 31. Rxg6+ Qxg6 32. Rg3 Rf6 33. b4 cxb3 34. axb3 Kf7 35. Rxg6 Rxg6 36. b4 Rc8 37. c4 Rcg8 38. c5 Rg4 39. Qf2+ Ke8 40. c6 Rxb4 41. Qf5 Ra4 42. h3 Ra1+ 43. Kh2 Ra2+ {[%emt 0:00:44] Kg2} 1/2-1/2